 Dungeon Crawl Stone Soup version 0.26-a0-631-ged93497179 (webtiles) character file.

Game seed: 283447350624146070

22871 Colgate the Brawler (level 12, 0/104 HPs)
             Began as a Troll Fighter on Sept 12, 2020.
             Was a High Priest of Nemelex Xobeh.
             Slain by a 12-headed hydra (7 damage)
             ... on level 12 of the Dungeon on Sept 13, 2020.
             The game lasted 02:24:24 (10197 turns).

Colgate the Brawler (Troll Fighter)                Turns: 10197, Time: 02:24:27

Health: 0/104      AC: 10    Str: 27    XL:     12   Next: 66%
Magic:  11/11      EV:  8    Int:  4    God:    Nemelex Xobeh [*****.]
Gold:   263        SH:  9    Dex: 13    Spells: 11/11 levels left

rFire    . . .     SeeInvis .     - Unarmed
rCold    + + .     Faith    +   b - +0 kite shield
rNeg     . . .     Spirit   .   h - +2 robe {rC+}
rPois    +         Reflect  .   (helmet restricted)
rElec    .         Harm     .   D - scarf {shadows}
rCorr    .         Rampage  .   (gloves unavailable)
MR       .....     Clarity  +   (boots unavailable)
Stlth    +.........             g - amulet of faith
HPRegen  0.67/turn              q - ring of protection from cold
MPRegen  0.12/turn              (no ring)

@: no status effects
A: large, unfitting armour, claws 3, hooves 1, yellow scales 1, clarity, poison
resistance, regeneration 1, shaggy fur 1, tough skin 3
a: Draw Escape, Draw Destruction, Draw Summoning, Draw Stack, Triple Draw, Deal
Four, Stack Five, Renounce Religion


You were on level 12 of the Dungeon.
You worshipped Nemelex Xobeh.
Nemelex Xobeh was extremely pleased with you.
You visited 1 branch of the dungeon, and saw 12 of its levels.
You also visited: Sewer.

You collected 539 gold pieces.
You spent 276 gold pieces at shops.

Inventory:

Missiles
 f - 320 stones (quivered)
 v - 5 atropa-tipped darts
 w - 12 curare-tipped darts
 x - 6 poisoned darts
 G - 7 boomerangs
Armour
 b - a +0 kite shield (worn)
 h - a +2 robe of cold resistance (worn)
 u - a +2 robe of magic resistance
 D - a scarf of shadows (worn)
Jewellery
 g - an amulet of faith (around neck)
 q - a ring of protection from cold (left claw)
Wands
 y - a wand of digging (6)
Scrolls
 a - 2 scrolls of magic mapping
 d - 4 scrolls of teleportation
 i - a scroll of enchant weapon
 l - 4 scrolls of immolation
 m - 2 scrolls of amnesia
 n - 7 scrolls of remove curse
 o - a scroll of blinking
 C - a scroll of torment {unknown}
Potions
 c - 3 potions of might
 e - 2 potions of ambrosia
 j - 5 potions of flight
 p - 6 potions of curing
 r - 2 potions of brilliance
 s - a potion of haste
 t - 4 potions of lignification
 z - 2 potions of resistance
 A - a potion of heal wounds
 B - a potion of cancellation


   Skills:
 - Level 2.4 Fighting
 + Level 7.9 Throwing
 - Level 2.4 Dodging
 - Level 2.4 Shields
 - Level 17.2 Unarmed Combat
 - Level 1.1 Invocations
 - Level 3.0 Evocations


You had 11 spell levels left.
You didn't know any spells.
Your spell library contained the following spells:

 Spells                   Type           Power        Failure   Level
 Corona                   Hex            #......      93%         1
 Foxfire                  Conj/Fire      #...         93%         1
 Magic Dart               Conj           #...         93%         1
 Sandblast                Erth           #.....       93%         1
 Shock                    Conj/Air       #...         93%         1
 Sting                    Tmut/Pois      #...         93%         1
 Summon Small Mammal      Summ           #...         93%         1
 Call Imp                 Summ           #.......     98%         2
 Ensorcelled Hibernation  Hex/Ice        #.....       98%         2
 Passwall                 Tmut/Erth      #.......     98%         2
 Poisonous Vapours        Pois/Air       #.....       98%         2
 Searing Ray              Conj           #.....       98%         2
 Swiftness                Air            #.......     98%         2
 Call Canine Familiar     Summ           #.......     100%        3
 Confusing Touch          Hex            #.......     100%        3
 Dazzling Flash           Conj/Hex       #.....       100%        3
 Ignite Poison            Fire/Tmut/Pois #.......     100%        3
 Mephitic Cloud           Conj/Pois/Air  #.......     100%        3
 Static Discharge         Conj/Air       #.......     100%        3
 Stone Arrow              Conj/Erth      #.....       100%        3
 Summon Guardian Golem    Hex/Summ       #.......     100%        3
 Tukima's Dance           Hex            #.......     100%        3
 Vampiric Draining        Necr           #.........   100%        3
 Airstrike                Air            #.........   100%        4
 Fulminant Prism          Conj/Hex       #.........   100%        4
 Iskenderun's Mystic Bla  Conj/Tloc      #.......     100%        4
 Olgreb's Toxic Radiance  Pois           #.......     100%        4
 Petrify                  Tmut/Erth      #.......     100%        4
 Summon Ice Beast         Ice/Summ       #.......     100%        4
 Summon Lightning Spire   Summ/Air       #.......     100%        4
 Agony                    Necr           #.......     100%        5
 Lee's Rapid Deconstruct  Erth           #.........   100%        5
 Lightning Bolt           Conj/Air       #.........   100%        5
 Ignition                 Fire           #.........   100%        8


Dungeon Overview and Level Annotations

Branches:
Dungeon (12/15)            Temple (0/1) D:6             Orc (0/2) D:10
  Sewer (visited)
   Lair: D:8-11

Altars:
Ashenzari
Cheibriados
Dithmenos
Fedhas
Hepliaklqana
Kikubaaqudgha
Makhleb
Nemelex Xobeh
Okawaru
Ru
Trog
Wu Jian
Xom
Yredelemnul
Zin

Shops:
D:6 !

Annotations:
Abyss:1 Harold


Innate Abilities, Weirdness & Mutations

You are too large for most types of armour.
You have claws for hands.
Your natural rate of healing is unusually fast.
You are covered in fur. (AC +1)
You have extremely tough skin. (AC +3)
You have large cloven feet.
You are partially covered in yellow scales. (AC +2)
You possess an exceptional clarity of mind.
Your system is resistant to poisons. (rPois)


Message History

The 11-headed hydra is almost dead.
The 11-headed hydra closely misses you. The 11-headed hydra bites you!
The 11-headed hydra bites you.
The 11-headed hydra barely misses you. x2
You block the 11-headed hydra's attack.
The 11-headed hydra barely misses you. x2
You block the 11-headed hydra's attack. x3
The kobold demonologist mumbles some strange words.
You claw one of the 11-headed hydra's heads off!
The ten-headed hydra grows two more!
You claw the 12-headed hydra!
You kick the 12-headed hydra, but do no damage.
The 12-headed hydra is almost dead.
The 12-headed hydra bites you!
* * * LOW HITPOINT WARNING * * *
The 12-headed hydra bites you!
* * * LOW HITPOINT WARNING * * *
You block the 12-headed hydra's attack. x2
The 12-headed hydra barely misses you. The 12-headed hydra bites you!
* * * LOW HITPOINT WARNING * * *
The 12-headed hydra closely misses you. The 12-headed hydra bites you!
You die...
Your body glows with a rainbow of weird colours and disappears.

............#
#.................#
#...........#
##.................
##..........#
#.55..............
##..........#
#....##...........
.#.........## #K...##
..........
#........###
#.....##...####...
#......###
##(.......### ####
#....### ##.D.....###
#.....## ###..@....##
#......#####.......###
#.......##....#...##
..............#..##
................##
...............##
..............##
...........#.##
..........##.##


You could see a 12-headed hydra, a kobold demonologist, a crimson imp (summoned)
and a white imp (summoned).

Vanquished Creatures
  4 two-headed ogres
  A deep elf mage (D:12)
  Psyche (D:9)
  A gargoyle (D:12)
  Grinder (D:6)
  A hornet (D:10)
  A meliai zombie (D:10)
  3 hippogriffs
  2 wyverns
  6 yaks
  A wraith (D:12)
  Grum (D:8)
  3 vampire mosquitoes (D:12)
  Edmund (D:6)
  A soldier ant (D:10)
  A water moccasin (D:12)
  3 phantoms
  2 eyes of draining
  3 ice beasts
  2 orc warriors
  A sky beast (D:7)
  A black bear (D:9)
  6 ogres
  3 centaurs
  3 wolves (D:8)
  A crocodile (D:9)
  6 bullfrogs
  A water moccasin zombie (D:8)
  2 scorpions
  A wyvern skeleton (D:11)
  4 wights
  A crimson imp (D:9)
  3 howler monkeys
  A bullfrog zombie (D:12)
  A centaur zombie (D:8)
  A quasit (D:8)
  4 centaur skeletons
  A gnoll shaman (D:5)
  2 jellies
  An orc priest (D:9)
  3 bullfrog skeletons
  3 hounds
  3 iguanas
  9 orc wizards
  6 worker ants
  A killer bee zombie (D:8)
  A hound skeleton (D:10)
  13 gnolls
  11 adders
  A shadow imp (D:6)
  6 white imps
  An ufetubus (D:9)
  6 oozes (Sewer)
  An adder skeleton (D:5)
  4 worms
  2 dart slugs
  11 leopard geckos
  27 orcs
  9 ball pythons
  2 bats
  3 bat zombies (D:9)
  11 giant cockroaches
  14 goblins
  12 hobgoblins
  4 jackals (D:5)
  23 kobolds
  5 quokkas
  17 frilled lizards
  A quokka skeleton (D:4)
  10 rats
303 creatures vanquished.

Vanquished Creatures (collateral kills)
  An unseen horror (D:12)
  A troll (D:12)
  A hippogriff (D:9)
  2 wyverns
  A vampire mosquito (D:12)
  A warg (D:10)
  A naga (D:4)
  2 ice beasts
  A phantom (D:10)
  An ogre (D:12)
  A crocodile (D:7)
  A bullfrog (D:8)
  A killer bee (D:7)
  3 wights (D:10)
  A quasit (D:10)
  An orc priest (D:10)
  Jessica (D:3)
  A gnoll (D:5)
  4 adders
  A white imp (D:10)
  An ufetubus (D:6)
  2 leopard geckos
  15 orcs
  A giant cockroach (D:5)
  A hobgoblin (D:5)
  A quokka (D:3)
  4 goblins (D:5)
  2 kobolds (D:5)
54 creatures vanquished.

Vanquished Creatures (others)
  5 plants (D:5)
5 creatures vanquished.

Grand Total: 362 creatures vanquished

Notes
Turn   | Place    | Note
-------+----------+-------------------------------------------
     0 | D:1      | Colgate the Troll Fighter began the quest for the Orb.
     0 | D:1      | Reached XP level 1. HP: 22/22 MP: 0/0
   199 | D:1      | Reached XP level 2. HP: 29/29 MP: 1/1
   439 | D:1      | Reached skill level 3 in Unarmed Combat
  1102 | D:2      | Reached XP level 3. HP: 36/36 MP: 2/2
  1161 | D:2      | Found a sparkling altar of Nemelex Xobeh.
  1177 | D:2      | Became a worshipper of Nemelex Xobeh the Trickster
  1190 | D:2      | Received a gift from Nemelex Xobeh
  1225 | D:2      | Found a hazy altar of Hepliaklqana.
  1329 | D:2      | Found a shadowy altar of Dithmenos.
  1336 | D:2      | Received a gift from Nemelex Xobeh
  1336 | D:2      | Reached * piety under Nemelex Xobeh
  1576 | D:2      | Found a shattered altar of Ashenzari.
  1599 | D:2      | You fall into a shaft and drop 2 floors!
  1698 | D:4      | Received a gift from Nemelex Xobeh
  1754 | D:4      | Found an ornate altar of the Wu Jian Council.
  1783 | D:4      | Found a glowing silver altar of Zin.
  1791 | D:4      | Reached skill level 4 in Unarmed Combat
  1864 | D:4      | Noticed an ogre
  1865 | D:4      | Noticed a naga
  1865 | D:4      | an ogre changed into a naga
  1872 | D:4      | Killed a naga
  1872 | D:4      | Reached XP level 4. HP: 39/44 MP: 3/3
  1872 | D:4      | Reached XP level 5. HP: 44/50 MP: 4/4
  2160 | D:4      | Reached ** piety under Nemelex Xobeh
  2450 | D:3      | Noticed Jessica
  2453 | D:3      | Reached skill level 5 in Unarmed Combat
  2456 | D:3      | Killed Jessica
  2457 | D:3      | Reached XP level 6. HP: 59/59 MP: 5/5
  2521 | D:3      | Found a glowing drain.
  2535 | Sewer    | Entered a sewer
  2681 | Sewer    | Received a gift from Nemelex Xobeh
  2874 | Sewer    | Identified the +1 long sword "Banisher" {freeze, Fragile
                  | rElec MR+ Int+5}
  2877 | Sewer    | Reached skill level 6 in Unarmed Combat
  3355 | D:3      | Received a gift from Nemelex Xobeh
  3660 | D:3      | Found a basalt altar of Yredelemnul.
  3834 | D:5      | Entered Level 5 of the Dungeon
  3839 | D:5      | Reached skill level 7 in Unarmed Combat
  3839 | D:5      | Reached XP level 7. HP: 48/66 MP: 6/6
  4160 | D:5      | Reached *** piety under Nemelex Xobeh
  4326 | D:5      | Found a blossoming altar of Fedhas.
  4617 | D:5      | Found an iron altar of Okawaru.
  4629 | D:5      | Received a gift from Nemelex Xobeh
  4739 | D:5      | Reached skill level 8 in Unarmed Combat
  4814 | D:6      | Found Ysyss's Distillery.
  4823 | D:6      | Bought a potion of mutation for 96 gold pieces
  4823 | D:6      | Gained mutation: You have large cloven feet. [potion of
                  | mutation]
  4823 | D:6      | Gained mutation: You possess an exceptional clarity of
                  | mind. [potion of mutation]
  4823 | D:6      | Gained mutation: You are partially covered in yellow
                  | scales. (AC +2) [potion of mutation]
  4823 | D:6      | Gained mutation: Your system is resistant to poisons.
                  | (rPois) [potion of mutation]
  4961 | D:6      | Noticed Edmund
  4965 | D:6      | Killed Edmund
  4965 | D:6      | Reached XP level 8. HP: 74/74 MP: 7/7
  4973 | D:6      | Reached skill level 9 in Unarmed Combat
  5027 | D:6      | Noticed Grinder
  5044 | D:6      | Killed Grinder
  5124 | D:6      | Found a staircase to the Ecumenical Temple.
  5168 | D:6      | Received a gift from Nemelex Xobeh
  5269 | D:6      | Reached **** piety under Nemelex Xobeh
  5455 | D:6      | Reached skill level 10 in Unarmed Combat
  5553 | D:6      | Bought a potion of resistance for 120 gold pieces
  5553 | D:6      | Bought a potion of heal wounds for 60 gold pieces
  5618 | D:7      | Reached skill level 11 in Unarmed Combat
  5618 | D:7      | Noticed Harold
  5635 | D:7      | Banished Harold
  5635 | D:7      | Reached skill level 12 in Unarmed Combat
  5635 | D:7      | Reached XP level 9. HP: 22/80 MP: 8/8
  5875 | D:7      | Received a gift from Nemelex Xobeh
  5917 | D:7      | Found a shimmering altar of Xom.
  5917 | D:7      | Noticed a faun
  5917 | D:7      | Noticed a salamander
  5920 | D:7      | Found a shimmering altar of Xom.
  5922 | D:7      | Found a shimmering altar of Xom.
  5923 | D:7      | Found a shimmering altar of Xom.
  5923 | D:7      | Found a shimmering altar of Xom.
  5937 | D:7      | Found a snail-covered altar of Cheibriados.
  6071 | D:8      | Received a gift from Nemelex Xobeh
  6090 | D:7      | Noticed a jumping spider
  6091 | D:7      | Noticed a deep troll
  6097 | D:7      | Noticed a swamp dragon
  6097 | D:7      | a deep troll changed into a swamp dragon
  6101 | D:7      | Noticed a cyclops
  6101 | D:7      | a jumping spider changed into a cyclops
  6546 | D:8      | Received a gift from Nemelex Xobeh
  6573 | D:8      | Noticed Grum
  6579 | D:8      | Killed Grum
  6579 | D:8      | Reached skill level 13 in Unarmed Combat
  7008 | D:9      | Reached XP level 10. HP: 88/88 MP: 9/9
  7023 | D:9      | Reached ***** piety under Nemelex Xobeh
  7037 | D:9      | Noticed a two-headed ogre
  7047 | D:9      | Killed a two-headed ogre
  7047 | D:9      | Reached skill level 14 in Unarmed Combat
  7118 | D:9      | Reached skill level 1 in Invocations
  7225 | D:9      | Found a bloodstained altar of Trog.
  7274 | D:9      | Noticed a two-headed ogre
  7282 | D:9      | Killed a two-headed ogre
  7298 | D:9      | Noticed Psyche
  7303 | D:9      | Killed Psyche
  7341 | D:9      | Received a gift from Nemelex Xobeh
  7425 | D:9      | Noticed a two-headed ogre
  7429 | D:9      | Killed a two-headed ogre
  7429 | D:9      | Reached skill level 15 in Unarmed Combat
  7562 | D:9      | Reached skill level 1 in Evocations
  7590 | D:9      | Received a gift from Nemelex Xobeh
  7737 | D:9      | Found a burning altar of Makhleb.
  7738 | D:9      | Found a shimmering altar of Xom.
  7853 | D:9      | Found an ancient bone altar of Kikubaaqudgha.
  7952 | D:10     | Entered Level 10 of the Dungeon
  7958 | D:9      | Reached XP level 11. HP: 82/94 MP: 5/10
  7998 | D:10     | Noticed Sonja
  8124 | D:10     | Noticed Sonja
  8124 | D:10     | Sonja changed into Sonja the warg
  8127 | D:10     | Killed Sonja the warg
  8212 | D:10     | Found a staircase to the Orcish Mines.
  8498 | D:10     | Reached skill level 17 in Unarmed Combat
  8498 | D:10     | Reached XP level 12. HP: 92/104 MP: 11/11
  8693 | D:10     | Identified the Guide on Sinister Heat
  8761 | D:11     | Received a gift from Nemelex Xobeh
  8792 | D:11     | Found a sacrificial altar of Ru.
  8863 | D:11     | Received a gift from Nemelex Xobeh
  9086 | D:11     | Received a gift from Nemelex Xobeh
  9153 | D:11     | Reached skill level 5 in Throwing
  9231 | D:11     | You fall into a shaft and drop 1 floor!
  9571 | D:12     | Noticed a two-headed ogre
  9576 | D:12     | Killed a two-headed ogre
  9790 | D:12     | Identified the -1 quarterstaff of Rafemio {venom, Str+4}
 10176 | D:12     | Noticed a five-headed hydra
 10197 | D:12     | Slain by a 12-headed hydra

Illustrated notes

Levels and vault maps discovered:
D:1:      nicolae_arrival_somewhat_less_tricky_arrival, layout_basic,
          roderic_serpentine_path, minmay_ruptured
D:2:      layout_basic, nicolae_overflow_hidden_temple, lemuel_crystal_altar,
          nicolae_overflow_crystal_walls, nicolae_dithmenos_shadow_blocks
D:3:      layout_rooms, lemuel_coloured_pillars_altar,
          cheibrodos_sewer_entry_bend, uniq_jessica
D:4:      layout_loops_cross, kennysheep_little_box, marbit_many_paths
D:5:      corexii_shantytown, layout_gridville, okawaru_gym_becter,
          fedhas_ov_isle_minmay
D:6:      layout_loops_ring, minmay_temple_entry_fiery, serial_shops, shop,
          uniq_edmund, uniq_grinder
D:7:      layout_rooms, lemuel_crystal_altar, xom_shifter_show, uniq_harold
D:8:      layout_rooms, serial_glass, glass_columns_a, glass_columns_a,
          item_on_display_a, feat_on_display, minmay_strange_pillars,
          grunt_decor_resistance, chequers_serial_rivers_micro_d, uniq_grum
D:9:      layout_loops_ring, grunt_temple_overflow_champion_of_chaos,
          lemuel_zombie_altar_kikubaaqudgha, trog_hazing_becter, uniq_psyche
D:10:     layout_cross, orc_0_dummy, chequers_mini_garden, st_stairs_3,
          hangedman_pestilent_swarm, chequers_serial_rivers_micro_d, uniq_sonja
D:11:     layout_long_grid, lair_entry_dummy, basic_altar,
          minmay_fire_ice_demons
D:12:     layout_cave_pods

Skill      XL: |  1  2  3  4  5  6  7  8  9 10 11 12 |
---------------+-------------------------------------+-----
Unarmed Combat | 3 4 5 7 8 12 13 15 17 | 17.2
Throwing       | 2 3 4 7 |  7.9
Invocations    | 1 |  1.1
Evocations     | 2 3 |  3.0
Fighting       | |  2.4
Dodging        | |  2.4
Shields        | |  2.4

Action                   |  1- 3 |  4- 6 |  7- 9 | 10-12 || total
-------------------------+-------+-------+-------+-------++-------
Melee: Unarmed           |    70 |   130 |   206 |   179 ||   585
       Kick              |       |       |    24 |    60 ||    84
Throw: Stone             |    74 |    72 |   125 |     2 ||   273
       Boomerang         |       |    42 |       |    63 ||   105
       Dart              |       |       |    32 |    70 ||   102
       Throwing net      |       |       |       |     3 ||     3
Invok: Draw Destruction  |     5 |     8 |    38 |    20 ||    71
       Draw Summoning    |     1 |     3 |    13 |    10 ||    27
       Draw Escape       |       |     3 |    12 |     8 ||    23
       Deal Four         |       |       |       |     1 ||     1
       Triple Draw       |       |       |       |     1 ||     1
       Stack Five        |       |       |       |     1 ||     1
Evoke: Wand              |       |       |     4 |    46 ||    50
  Use: Scroll            |       |     7 |     7 |     8 ||    22
       Potion            |       |       |     1 |     1 ||     2
 Stab: Sleeping          |     1 |     2 |       |       ||     3
Armor: Robe              |     8 |    36 |    56 |    60 ||   160
Dodge: Dodged            |    21 |    36 |    59 |    60 ||   176
Block: Kite shield       |    21 |    59 |    77 |    71 ||   228

Table legend: (Time is in decaauts)
 A = Elapsed time spent in this place.
 B = Non-inter-level travel time spent in this place.
 C = Inter-level travel time spent in this place.
 D = Time resting spent in this place.
 E = Time spent auto-exploring this place.
 F = Levels seen in this place.
 G = Mean time per level.
                   A        B        C        D        E       F      G
               +--------+--------+--------+--------+--------+-----+--------+
         Total |  10266 |   9463 |    803 |     69 |   7241 |  13 |  789.7 |
       Dungeon |   9794 |   8991 |    803 |     69 |   7036 |  12 |  816.2 |
         Sewer |    472 |    472 |      0 |      0 |    204 |   1 |  472.0 |
               +--------+--------+--------+--------+--------+-----+--------+

Top non-repeatable levels by time:
     D:9: 1140 daAuts
     D:1: 1088 daAuts
    D:12: 956 daAuts
     D:5: 929 daAuts
     D:4: 873 daAuts
     D:8: 850 daAuts
     D:6: 830 daAuts
     D:2: 776 daAuts
     D:3: 725 daAuts
    D:10: 660 daAuts
     D:7: 598 daAuts
   Sewer: 472 daAuts
    D:11: 365 daAuts
